 Dungeon Crawl Stone Soup version 0.30-a0-778-g2ef04afb54 (webtiles) character file.

Game seed: 619613871632757181

81 scionoferis the Ducker (level 4, -1/36 HPs)
             Began as a Demigod Hexslinger on Feb 16, 2023.
             Slain by a gnoll
             ... wielding a +0 spear
              (8 damage)
             ... on level 3 of the Dungeon.
             The game lasted 00:05:09 (1904 turns).

scionoferis the Ducker (Demigod Hexslinger)         Turns: 1904, Time: 00:05:09

Health: -1/36      AC:  2    Str: 11    XL:     4   Next: 0%
Magic:  8/8        EV: 13    Int: 15    God:
Gold:   50         SH:  0    Dex: 18    Spells: 4/5 levels left

rFire   . . .      SeeInvis .    a - +0 short sword
rCold   . . .      Faith    .    (no shield)
rNeg    . . .      Spirit   .    c - +0 robe
rPois   .          Reflect  .    (no helmet)
rElec   .          Harm     .    (no cloak)
rCorr   .          Rampage  .    (no gloves)
Will    .....                    (no boots)
Stlth   ++                       (no amulet)
HPRegen 0.26/turn                (no ring)
MPRegen 0.11/turn                (no ring)

@: no status effects
A: high MP 1, forlorn, divine attributes
a: no special abilities


You were on level 3 of the Dungeon.
You visited 1 branch of the dungeon, and saw 3 of its levels.

You collected 162 gold pieces.
You spent 112 gold pieces at shops.


Innate Abilities, Weirdness & Mutations

You have an increased reservoir of magic. (+10% MP)
You shall have no god before yourself.
Your divine heritage dramatically boosts your attributes as you level up.


   Skills:
 + Level 1.6 Fighting
 * Level 1.2 Long Blades
 - Level 1.7 Ranged Weapons
 * Level 3.0 Dodging
 + Level 1.4 Stealth
 - Level 1.0 Spellcasting
 - Level 2.6 Hexes


You had 4 spell levels left.
You knew the following spells:

 Your Spells              Type           Power      Damage    Failure   Level
a - Slow                  Hex            32%        N/A       9%          1

Your spell library contained the following spells:

 Spells                   Type           Power      Damage    Failure   Level
 Inner Flame              Hex/Fire       4%         N/A       38%         3
 Portal Projectile        Hex/Tloc       8%         N/A       38%         3
 Call Canine Familiar     Summ           0%         N/A       58%         3
 Frozen Ramparts          Ice            0%         1d1       58%         3
 Cause Fear               Hex            4%         N/A       63%         4
 Leda's Liquefaction      Hex/Erth       2%         N/A       80%         4
 Ice Form                 Ice/Tmut       0%         N/A       94%         4
 Summon Ice Beast         Ice/Summ       0%         N/A       94%         4

Inventory:

Hand Weapons
 a - a +0 short sword (weapon)
   (You took it off a kobold on level 3 of the Dungeon)
 b - a +1 sling
 h - a +0 dagger
   (You found it on level 1 of the Dungeon)
Armour
 c - a +0 robe (worn)
Jewellery
 t - a ring of protection from cold
   (You took it off an orc on level 3 of the Dungeon)
Wands
 r - a wand of paralysis (9)
   (You found it on level 3 of the Dungeon)
Scrolls
 d - 2 scrolls of fog {unknown}
 g - a scroll of immolation {unknown}
 i - 5 scrolls of identify {unknown}
 j - a scroll of teleportation {unknown}
 n - a scroll of silence {unknown}
 o - a scroll of fear {unknown}
 p - a scroll of torment {unknown}
 q - a scroll of poison
Potions
 e - 6 potions of curing
 f - 3 potions of lignification {unknown}
 k - a potion of haste
 l - 3 potions of heal wounds
 m - 2 potions of brilliance {unknown}
 s - a potion of ambrosia {unknown}

Dungeon Overview and Level Annotations

Branches:
Dungeon (3/15)

Shops:
D:2 !

Annotations:
D:1 2 gold if you can fly

##### ##)#.##.#. ....^.
###########.#.##.#.#
......##....?..##.#.##.#.##
....o......# ##.#.##.#.##.
)..##....# ##.#.##.#.##.# .
#.######.#.##.#.##.#. ..
#†### #.#)##.#.##)...
#.#...####.#.##.#...#†#
#...g.@# ##.#.##.#.#.##
####.#.#####.#.##.#.##.
#......###.#.##.##.#
###.....)##.#.###.#. ### #.
#######.##.#.#.#.# #.[ #.
#..##.#.#.## #.##.
#.#.##.#.##. # #.#.#######
#.##.##.##.# #.#.........#
####.###.###.#.


You could see a gnoll.


Message History

Welcome, scionoferis the Demigod Hexslinger.
The splendid Orb of Zot lies far below, as if waiting for you to find it.
Press ? for a list of commands and other information.
Found a scroll labelled TANYAPLUHY and 2 gold pieces.
Found an escape hatch in the floor.
Found a staircase leading out of the dungeon.
A hobgoblin comes into view.
You see here a scroll labelled TANYAPLUHY.
d - a scroll labelled TANYAPLUHY You shoot a sling bullet.
The sling bullet hits the hobgoblin!
You kill the hobgoblin!
No target in view!
No target in view!
You now have 17 gold pieces.
A goblin comes into view. It is wielding a +0 club.
The goblin shouts!
You shoot a sling bullet.
The sling bullet closely misses the goblin.
You shoot a sling bullet. The sling bullet hits the goblin.
The goblin is heavily wounded.
The goblin hits you with a +0 club. The goblin barely misses you.
You shoot a sling bullet.
The sling bullet closely misses the goblin.
The goblin hits you with a +0 club.
You shoot a sling bullet.
The sling bullet closely misses the goblin.
The goblin barely misses you.
You shoot a sling bullet.
The sling bullet closely misses the goblin.
The goblin hits you with a +0 club. The goblin hits you but does no damage.
You shoot a sling bullet.
The sling bullet barely misses the goblin.
The goblin closely misses you.
You shoot a sling bullet. The sling bullet hits the goblin.
You kill the goblin!
Your Fighting skill increases to level 1!
No target in view!
No target in view!
No target in view!
No target in view!
HP restored.
A rat comes into view.
You see here a staff of air.
You shoot a sling bullet. The sling bullet hits the rat.
You kill the rat!
No target in view!
No target in view!
Found 6 stones.
e - a purple potion
e - 2 purple potions (gained 1)
An endoplasm comes into view.
You shoot a sling bullet. The sling bullet hits the endoplasm.
The endoplasm is lightly wounded.
You shoot a sling bullet.
The sling bullet hits the endoplasm but does no damage.
The endoplasm is lightly wounded.
You shoot a sling bullet. The sling bullet hits the endoplasm.
You kill the endoplasm!
Your Dodging skill increases to level 2!
No target in view!
No target in view! 2 goblins come into view.
The goblin shouts!
You shoot a sling bullet. The goblin shouts!
The sling bullet hits the goblin.
You kill the goblin!
A hobgoblin comes into view.
You shoot a sling bullet.
The sling bullet closely misses the goblin.
The hobgoblin shouts!
You shoot a sling bullet.
The sling bullet barely misses the goblin.
You shoot a sling bullet. The sling bullet hits the goblin.
The goblin is severely wounded.
The goblin hits you with a +0 club.
You shoot a sling bullet. The sling bullet hits the goblin.
You kill the goblin!
You shoot a sling bullet. The sling bullet hits the hobgoblin.
The hobgoblin is lightly wounded.
You shoot a sling bullet. The sling bullet hits the hobgoblin.
The hobgoblin is severely wounded.
The hobgoblin closely misses you.
You shoot a sling bullet.
The sling bullet closely misses the hobgoblin.
The hobgoblin barely misses you. The hobgoblin misses you.
You shoot a sling bullet.
The sling bullet closely misses the hobgoblin.
The hobgoblin barely misses you.
You shoot a sling bullet. The sling bullet hits the hobgoblin.
You kill the hobgoblin!
No target in view!
No target in view!
No target in view!
f - 2 fuming puce potions
Things that are here:
a +0 club; a goblin corpse
Found 6 stones.
You now have 26 gold pieces (gained 9).
A goblin comes into view. It is wielding a +0 club.
You shoot a sling bullet. The sling bullet hits the goblin.
The goblin shouts!
The goblin is severely wounded.
You shoot a sling bullet. The sling bullet hits the goblin.
You kill the goblin!
You have reached level 2!
Things that are here:
a +0 club; a goblin corpse A ball python comes into view.
You shoot a sling bullet. The sling bullet hits the ball python.
You kill the ball python!
No target in view!
No target in view!
You see here a ball python corpse.
There is a fountain of clear blue water here.
Found 7 stones.
Found 4 stones.
Found a dagger.
g - a scroll labelled LIDALO MASACLU You see here a +0 dagger.
h - a +0 dagger You open the door.
There is an open door here.
Found 4 stones.
There is a shaft here.
A quokka comes into view.
Found a scroll labelled UNYMOR FUOPPY.
You shoot a sling bullet. The sling bullet hits the quokka.
The quokka is almost dead.
You shoot a sling bullet.
The sling bullet barely misses the quokka.
You shoot a sling bullet.
The sling bullet closely misses the quokka.
The quokka bites you but does no damage.
You shoot a sling bullet.
The sling bullet closely misses the quokka.
The quokka bites you.
You shoot a sling bullet.
The sling bullet hits the quokka but does no damage.
The quokka is almost dead.
The quokka barely misses you. The quokka bites you.
You shoot a sling bullet.
The sling bullet barely misses the quokka.
The quokka bites you but does no damage.
You shoot a sling bullet. The sling bullet hits the quokka.
You kill the quokka!
No target in view!
A rat comes into view.
You shoot a sling bullet.
The sling bullet hits the rat but does no damage.
You shoot a sling bullet. The sling bullet hits the rat!
You kill the rat!
No target in view!
i - a scroll labelled UNYMOR FUOPPY No target in view!
You now have 31 gold pieces (gained 5).
You now have 47 gold pieces (gained 16).
You open the door.
There is an open door here.
There is an open door here.
Things that are here:
a +0 club; a goblin skeleton You open the door.
There is an open door here.
As you open the door, it creaks loudly!
Found a stone staircase leading down.
There is an open door here.
A hobgoblin comes into view.
The hobgoblin shouts!
You shoot a sling bullet.
The sling bullet closely misses the hobgoblin.
You shoot a sling bullet.
The sling bullet closely misses the hobgoblin.
An endoplasm comes into view.
You shoot a sling bullet.
The sling bullet closely misses the hobgoblin.
The endoplasm quivers.
You shoot a sling bullet. The sling bullet hits the hobgoblin.
The hobgoblin is moderately wounded.
The hobgoblin hits you.
You shoot a sling bullet.
The sling bullet closely misses the hobgoblin.
The sling bullet hits the endoplasm.
The endoplasm is severely wounded.
The hobgoblin hits you.
You shoot a sling bullet. The sling bullet hits the hobgoblin.
The hobgoblin is heavily wounded.
The hobgoblin hits you.
You shoot a sling bullet.
The sling bullet barely misses the hobgoblin.
The sling bullet hits the endoplasm.
You kill the endoplasm!
The hobgoblin closely misses you. The hobgoblin misses you.
You shoot a sling bullet. The sling bullet hits the hobgoblin.
You kill the hobgoblin!
No target in view!
No target in view!
i - 2 scrolls labelled UNYMOR FUOPPY (gained 1)
j - a scroll labelled OHYBAT QALIRCHA You open the large door.
There is a large open door here.
A kobold comes into view. It is wielding a +0 dagger.
You shoot a sling bullet. The sling bullet hits the kobold.
You kill the kobold!
No target in view!
No target in view!
A giant cockroach comes into view.
The giant cockroach moves out of view.
k - a sedimented black potion
e - 3 purple potions (gained 1)
A goblin comes into view. It is wielding a +0 club.
You shoot a sling bullet. The sling bullet hits the goblin.
You kill the goblin!
No target in view!
No target in view!
Found a stone staircase leading down.
A giant cockroach is nearby!
You shoot a sling bullet.
The sling bullet barely misses the giant cockroach.
You shoot a sling bullet.
The sling bullet closely misses the giant cockroach.
The giant cockroach barely misses you. The giant cockroach bites you.
You shoot a sling bullet.
The sling bullet barely misses the giant cockroach.
The giant cockroach bites you but does no damage.
You shoot a sling bullet.
The sling bullet hits the giant cockroach.
The giant cockroach is heavily wounded.
The giant cockroach closely misses you. The giant cockroach barely misses you.
You shoot a sling bullet.
The sling bullet barely misses the giant cockroach.
The giant cockroach bites you but does no damage.
You shoot a sling bullet.
The sling bullet closely misses the giant cockroach.
The giant cockroach bites you but does no damage.
The giant cockroach closely misses you.
You shoot a sling bullet.
The sling bullet closely misses the giant cockroach.
The giant cockroach bites you.
You shoot a sling bullet.
The sling bullet completely misses the giant cockroach.
The giant cockroach barely misses you. The giant cockroach bites you.
You shoot a sling bullet.
The sling bullet closely misses the giant cockroach.
The giant cockroach bites you but does no damage.
The giant cockroach bites you.
You shoot a sling bullet.
The sling bullet hits the giant cockroach but does no damage.
The giant cockroach is moderately wounded.
The giant cockroach bites you.
You shoot a sling bullet.
The sling bullet closely misses the giant cockroach.
The giant cockroach bites you but does no damage.
The giant cockroach barely misses you.
You shoot a sling bullet.
The sling bullet hits the giant cockroach.
The giant cockroach is heavily wounded.
The giant cockroach closely misses you.
You shoot a sling bullet.
The sling bullet hits the giant cockroach.
You kill the giant cockroach!
No target in view!
No target in view!
You now have 55 gold pieces (gained 8).
Found a war axe.
You see here a giant cockroach corpse.
l - a fizzy amethyst potion A ball python comes into view.
You shoot a sling bullet. The sling bullet hits the ball python.
You kill the ball python!
No target in view!
No target in view!
A kobold comes into view. It is wielding a +0 dagger.
You shoot a sling bullet. The sling bullet hits the kobold.
The kobold shouts!
The kobold is moderately wounded.
You shoot a sling bullet. The sling bullet hits the kobold.
You kill the kobold!
Your Stealth skill increases to level 1!
No target in view!
No target in view!
Things that are here:
a +0 dagger; 5 stones
There is a large open door here.
Found a ring mail.
As you open the door, it creaks loudly!
Found 10 gold pieces.
No target in view!
No target in view!
There is an open door here.
You now have 65 gold pieces (gained 10).
Found a stone staircase leading down.
Found a leather armour.
e - 4 purple potions (gained 1)
There is a stone staircase leading down here.
Partly explored, can't reach some items.
Partly explored, can't reach some items.
Search for what [? for help]? d: Unknown command.
Press: ? - help, . - travel You can't see that place.
There is a staircase leading out of the dungeon here.
Press: ? - help, v - describe, . - travel, g - get item Item here: 2 gold pieces.
An escape hatch in the floor.
There is a cloud of black smoke here.
Annotate which branch? (. - D:1, ? - help, ! - show branch list) New annotation for D:1 (include '!' for warning):
Okay, then.
Annotate which branch? (. - D:1, ? - help, ! - show branch list) New annotation for D:1 (include '!' for warning): 2 gold if you can fly Unknown command.
There is an open door here.
There is a stone staircase leading down here.
Unknown command.
You climb downwards.
Found a fuming puce potion and a robe.
There is a stone staircase leading up here.
A bat comes into view.
You shoot a sling bullet. The sling bullet hits the bat.
You kill the bat!
No target in view!
No target in view!
f - 3 fuming puce potions (gained 1)
Found Jaeter's Distillery.
A rat comes into view.
You shoot a sling bullet. The sling bullet hits the rat.
You kill the rat!
No target in view!
No target in view!
No target in view!
Found a stone staircase leading down.
There is an entrance to Jaeter's Distillery here.
e - 5 potions of curing (gained 1) Thank you for shopping at Jaeter's Distillery!
A worm comes into view.
You shoot a sling bullet.
The sling bullet barely misses the worm.
You shoot a sling bullet. The sling bullet hits the worm.
The worm is moderately wounded.
You shoot a sling bullet. The sling bullet hits the worm.
The worm is heavily wounded.
No target in view!
No target in view!
No target in view!
No target in view!
You shoot a sling bullet. The sling bullet hits the worm.
The worm is severely wounded.
You shoot a sling bullet. The sling bullet hits the worm.
The worm is almost dead.
You shoot a sling bullet. The sling bullet hits the worm.
You kill the worm!
No target in view!
No target in view!
Found 3 stones.
You now have 38 gold pieces (gained 15).
m - a bubbling emerald potion You see here a worm corpse.
n - a scroll labelled NOOCIU UJEFF A ball python comes into view.
You shoot a sling bullet. The sling bullet hits the ball python.
The ball python is severely wounded.
You shoot a sling bullet. The sling bullet hits the ball python.
The ball python is severely wounded.
You shoot a sling bullet. The sling bullet hits the ball python.
You kill the ball python!
No target in view!
No target in view!
l - 2 fizzy amethyst potions (gained 1)
Found a stone staircase leading down.
Found a stone staircase leading up.
o - a scroll labelled UNWA MERGHIOG An endoplasm comes into view.
You see here a scroll labelled QAHASE HEKEO.
You shoot a sling bullet. The sling bullet hits the endoplasm.
You kill the endoplasm!
No target in view!
No target in view!
p - a scroll labelled QAHASE HEKEO
m - 2 bubbling emerald potions (gained 1)
There is a stone staircase leading up here.
You pick up a book of the Hunter and begin reading...
You add the spells Call Canine Familiar and Leda's Liquefaction to your library.
You now have 43 gold pieces (gained 5).
A goblin comes into view. It is wielding a +0 dagger.
The goblin shouts!
An endoplasm comes into view.
You shoot a sling bullet.
The sling bullet barely misses the goblin.
You shoot a sling bullet.
The sling bullet closely misses the goblin.
The sling bullet hits the endoplasm.
You kill the endoplasm!
The goblin hits you with a +0 dagger.
You shoot a sling bullet.
The sling bullet barely misses the goblin.
The goblin closely misses you.
You shoot a sling bullet. The sling bullet hits the goblin.
You kill the goblin!
No target in view!
No target in view!
HP restored.
Things that are here:
a +0 dagger; a goblin corpse An endoplasm comes into view.
You shoot a sling bullet. The sling bullet hits the endoplasm!
You kill the endoplasm!
You have reached level 3!
Your experience leads to a dramatic increase in your attributes!
Increase (S)trength, (I)ntelligence, or (D)exterity?
You feel agile. x4
Things that are here:
a +0 dagger; a goblin corpse You enter the shallow water.
Moving in this stuff is going to be slow.
You enter the shallow water.
Moving in this stuff is going to be slow.
A worm comes into view.
You shoot a sling bullet. The sling bullet hits the worm.
The worm is lightly wounded.
You shoot a sling bullet.
The sling bullet hits the worm but does no damage.
The worm is lightly wounded.
You shoot a sling bullet. The sling bullet hits the worm!
The worm is heavily wounded.
You shoot a sling bullet.
The sling bullet barely misses the worm.
You shoot a sling bullet. The sling bullet hits the worm.
The worm is severely wounded.
You shoot a sling bullet. The sling bullet hits the worm.
The worm is severely wounded.
You shoot a sling bullet. The sling bullet hits the worm.
The worm is almost dead.
You shoot a sling bullet. The sling bullet hits the worm!
You kill the worm!
No target in view!
No target in view!
You enter the shallow water.
Moving in this stuff is going to be slow.
You see here a worm corpse.
You enter the shallow water.
Moving in this stuff is going to be slow.
You enter the shallow water.
Moving in this stuff is going to be slow.
You enter the shallow water.
Moving in this stuff is going to be slow.
You enter the shallow water.
Moving in this stuff is going to be slow.
You enter the shallow water.
Moving in this stuff is going to be slow.
A bat comes into view.
A bat is nearby!
You shoot a sling bullet. The sling bullet hits the bat.
You kill the bat!
No target in view!
No target in view!
You enter the shallow water.
Moving in this stuff is going to be slow.
Found a stone staircase leading down.
Found a robe.
No target in view!
Found a trident.
i - 3 scrolls labelled UNYMOR FUOPPY (gained 1)
You enter the shallow water.
Moving in this stuff is going to be slow.
Things that are here:
a +0 trident; a +0 club
Found a dagger.
You see here a +0 robe.
A worm comes into view.
You shoot a sling bullet. The sling bullet hits the worm.
The worm is lightly wounded.
You shoot a sling bullet. The sling bullet hits the worm.
The worm is moderately wounded.
You shoot a sling bullet. The sling bullet hits the worm.
The worm is heavily wounded.
You shoot a sling bullet. The sling bullet hits the worm.
The worm is heavily wounded.
The worm closely misses you.
You shoot a sling bullet.
The sling bullet completely misses the worm.
The worm misses you.
You shoot a sling bullet. The sling bullet hits the worm.
The worm is heavily wounded.
The worm barely misses you.
You shoot a sling bullet. The sling bullet hits the worm.
The worm is heavily wounded.
The worm closely misses you.
You shoot a sling bullet.
The sling bullet completely misses the worm.
You shoot a sling bullet.
The sling bullet hits the worm but does no damage.
The worm is heavily wounded.
The worm bites you.
You shoot a sling bullet. The sling bullet hits the worm.
The worm is severely wounded.
The worm misses you.
You shoot a sling bullet. The sling bullet hits the worm.
The worm is almost dead.
The worm misses you.
You shoot a sling bullet.
The sling bullet hits the worm but does no damage.
The worm is almost dead.
You shoot a sling bullet.
The sling bullet hits the worm but does no damage.
The worm is almost dead.
The worm bites you.
You shoot a sling bullet. The sling bullet hits the worm!
You kill the worm!
No target in view!
No target in view!
Found a robe.
Found a stone staircase leading up.
A goblin comes into view. It is wielding a +0 dagger.
You shoot a sling bullet.
The sling bullet barely misses the goblin.
The goblin shouts!
You shoot a sling bullet.
The sling bullet hits the goblin but does no damage.
You shoot a sling bullet. The sling bullet hits the goblin.
The goblin is moderately wounded.
You shoot a sling bullet.
The sling bullet hits the goblin but does no damage.
The goblin is moderately wounded.
You shoot a sling bullet.
The sling bullet barely misses the goblin.
The goblin hits you with a +0 dagger. The goblin barely misses you.
You shoot a sling bullet. The sling bullet hits the goblin.
The goblin is severely wounded.
The goblin hits you with a +0 dagger.
You shoot a sling bullet.
The sling bullet closely misses the goblin.
The goblin hits you with a +0 dagger.
You shoot a sling bullet. The sling bullet hits the goblin!
You kill the goblin!
No target in view!
d - 2 scrolls labelled TANYAPLUHY (gained 1)
You now have 51 gold pieces (gained 8).
Things that are here:
a +0 dagger; a +0 ring mail; a goblin corpse You enter the shallow water.
Moving in this stuff is going to be slow.
You enter the shallow water.
Moving in this stuff is going to be slow.
A hobgoblin comes into view.
The hobgoblin shouts!
You shoot a sling bullet.
The sling bullet barely misses the hobgoblin.
You shoot a sling bullet. The sling bullet hits the hobgoblin.
The hobgoblin is severely wounded.
You shoot a sling bullet.
The sling bullet closely misses the hobgoblin.
You shoot a sling bullet.
The sling bullet closely misses the hobgoblin.
You shoot a sling bullet.
The sling bullet barely misses the hobgoblin.
You shoot a sling bullet.
The sling bullet closely misses the hobgoblin.
The hobgoblin hits you.
You shoot a sling bullet.
The sling bullet closely misses the hobgoblin.
The hobgoblin misses you. The hobgoblin closely misses you.
You shoot a sling bullet. The sling bullet hits the hobgoblin!
You kill the hobgoblin!
No target in view!
No target in view!
You enter the shallow water.
Moving in this stuff is going to be slow.
You see here a hobgoblin corpse.
You enter the shallow water.
Moving in this stuff is going to be slow.
You enter the shallow water.
Moving in this stuff is going to be slow.
You enter the shallow water.
Moving in this stuff is going to be slow.
You enter the shallow water.
Moving in this stuff is going to be slow.
You enter the shallow water.
Moving in this stuff is going to be slow.
You enter the shallow water.
Moving in this stuff is going to be slow.
You enter the shallow water.
Moving in this stuff is going to be slow.
You enter the shallow water.
Moving in this stuff is going to be slow.
You enter the shallow water.
Moving in this stuff is going to be slow.
You enter the shallow water.
Moving in this stuff is going to be slow.
You enter the shallow water.
Moving in this stuff is going to be slow.
You enter the shallow water.
Moving in this stuff is going to be slow.
Done exploring.
Search for what [Enter for "d:", or ? for help]? d: Unknown command.
You have 51 gold pieces.
Unknown command.
Search for what [Enter for "d:", or ? for help]? shop You enter the shallow water.
Moving in this stuff is going to be slow.
You enter the shallow water.
Moving in this stuff is going to be slow.
You enter the shallow water.
Moving in this stuff is going to be slow.
You enter the shallow water.
Moving in this stuff is going to be slow.
You see here 3 stones.
There is an entrance to Jaeter's Distillery here.
You can access your shopping list by pressing '$'.
There is a stone staircase leading down here.
You climb downwards.
Found 20 gold pieces and a mace.
There is a stone staircase leading up here.
You shoot a sling bullet. The sling bullet hits the goblin.
You kill the goblin!
No target in view!
No target in view!
A kobold comes into view. It is wielding a +0 short sword.
You see here 9 gold pieces.
You shoot a sling bullet.
The sling bullet closely misses the kobold.
You shoot a sling bullet.
The sling bullet barely misses the kobold.
You shoot a sling bullet.
The sling bullet closely misses the kobold.
The kobold misses you.
You shoot a sling bullet. The sling bullet misses the kobold.
The kobold hits you with a +0 short sword.
You shoot a sling bullet. The sling bullet hits the kobold.
The kobold is severely wounded.
The kobold closely misses you.
You shoot a sling bullet. The sling bullet hits the kobold.
You kill the kobold!
No target in view!
Things that are here:
a +0 short sword; a kobold corpse
q - a +0 short sword You now have 60 gold pieces (gained 9).
You now have enough gold to buy a potion of heal wounds on D:2.
You can access your shopping list by pressing '$'.
You now have 71 gold pieces (gained 11).
Found a robe.
Search for what [Enter for "shop", or ? for help]? shop
There is a stone staircase leading up here.
You climb upwards.
There is a stone staircase leading down here.
There is an entrance to Jaeter's Distillery here.
l - 3 potions of heal wounds (gained 1) Thank you for shopping at Jaeter's Distillery!
There is a stone staircase leading down here.
You climb downwards.
There is a stone staircase leading up here.
A bat comes into view.
Found a short sword.
You shoot a sling bullet. The sling bullet hits the bat!
You kill the bat!
No target in view!
No target in view!
Found a scale mail.
You now have 10 gold pieces (gained 9).
A giant cockroach and an endoplasm come into view.
You shoot a sling bullet.
The sling bullet hits the giant cockroach.
The giant cockroach is heavily wounded.
The endoplasm quivers.
You shoot a sling bullet.
The sling bullet closely misses the giant cockroach.
You shoot a sling bullet.
The sling bullet hits the giant cockroach but does no damage.
The giant cockroach is heavily wounded.
The endoplasm jiggles.
The giant cockroach bites you but does no damage.
You shoot a sling bullet.
The sling bullet closely misses the giant cockroach.
The sling bullet hits the endoplasm!
You kill the endoplasm!
The giant cockroach bites you. x2
You shoot a sling bullet.
The sling bullet closely misses the giant cockroach.
The giant cockroach barely misses you.
You shoot a sling bullet.
The sling bullet hits the giant cockroach.
You kill the giant cockroach!
No target in view!
No target in view!
HP restored.
You now have 25 gold pieces (gained 15).
A gnoll comes into view. It is wielding a +0 halberd.
The gnoll shouts!
You hear a shout! x4
The gnoll barely misses you.
You shoot a sling bullet. The sling bullet hits the gnoll.
The gnoll is moderately wounded.
The gnoll barely misses you.
You shoot a sling bullet. The sling bullet hits the gnoll.
The gnoll is moderately wounded.
You hear a shout!
A gnoll comes into view. It is wielding a +0 spear.
The gnoll hits you with a +0 halberd.
You shoot a sling bullet.
The sling bullet barely misses the gnoll.
The gnoll hits you with a +0 spear. The gnoll misses you.
You shoot a sling bullet. The sling bullet hits the gnoll!
The gnoll is almost dead.
The gnoll hits you with a +0 spear. The gnoll barely misses you. x2
The gnoll misses you.
You shoot a sling bullet. The sling bullet hits the gnoll!
You kill the gnoll!
The gnoll hits you with a +0 spear.
You are too injured to fight recklessly!
You are too injured to fight recklessly!
The gnoll barely misses you.
A gnoll comes into view. It is wielding a +0 spear.
The gnoll shouts!
There is a stone staircase leading up here.
The gnoll misses you.
You climb upwards.
There is a stone staircase leading down here.
There is a stone staircase leading down here.
You start resting.
HP restored.
You climb downwards.
Found a scroll labelled UNYMOR FUOPPY and a glowing ivory wand.
There is a stone staircase leading up here.
i - 4 scrolls labelled UNYMOR FUOPPY (gained 1)
r - a wand of paralysis (9)
A kobold comes into view. It is wielding a +0 short sword.
The kobold moves out of view.
You shoot a sling bullet. The sling bullet hits the kobold!
You kill the kobold!
Your Long Blades skill increases to level 1!
No target in view!
No target in view!
Found a robe.
You now have 42 gold pieces (gained 17).
Found a stone staircase leading up.
There is a stone staircase leading up here.
i - 5 scrolls labelled UNYMOR FUOPPY (gained 1)
The gnoll shouts!
You start waiting.
Done waiting.
Found a stone staircase leading down.
A goblin comes into view. It is wielding a +0 club.
You shoot a sling bullet. The sling bullet misses the goblin.
You shoot a sling bullet. The sling bullet hits the goblin.
You kill the goblin!
No target in view!
There is a stone staircase leading down here.
e - 6 potions of curing (gained 1)
s - a blue potion A goblin comes into view.
It is wielding a +0 club.
You shoot a sling bullet. The sling bullet hits the goblin.
You kill the goblin!
No target in view!
No target in view!
You now have 50 gold pieces (gained 8).
A giant cockroach comes into view.
You shoot a sling bullet.
The sling bullet closely misses the giant cockroach.
You shoot a sling bullet.
The sling bullet closely misses the giant cockroach.
You shoot a sling bullet.
The sling bullet hits the giant cockroach.
The giant cockroach is severely wounded.
You shoot a sling bullet.
The sling bullet barely misses the giant cockroach.
The giant cockroach misses you.
You shoot a sling bullet.
The sling bullet hits the giant cockroach.
The giant cockroach is almost dead.
The giant cockroach misses you.
The giant cockroach bites you but does no damage.
You shoot a sling bullet.
The sling bullet barely misses the giant cockroach.
The giant cockroach bites you. x2
You shoot a sling bullet.
The sling bullet closely misses the giant cockroach.
The giant cockroach bites you but does no damage.
You shoot a sling bullet.
The sling bullet hits the giant cockroach.
You kill the giant cockroach!
HP restored.
Things that are here:
a +0 club; a giant cockroach corpse; a goblin corpse You pick up a book of Rime and begin reading...
You add the spells Frozen Ramparts, Ice Form and Summon Ice Beast to your library. 2 orcs come into view.
The orc throws a stone.
The stone hits you but does no damage.
An orc comes into view. It is wielding a +0 trident.
The orc shouts!
The orc throws a stone.
The stone misses you.
You shoot a sling bullet. The sling bullet hits the orc!
You kill the orc!
The orc drinks a potion.
The orc seems to speed up.
You shoot a sling bullet.
The sling bullet closely misses the orc.
The sling bullet barely misses the orc.
You shoot a sling bullet. The sling bullet hits the orc!
You kill the orc!
An endoplasm comes into view.
You shoot a sling bullet. The sling bullet hits the endoplasm.
You kill the endoplasm!
The orc closely misses you.
You shoot a sling bullet. The sling bullet barely misses the orc.
An orc comes into view. It is wielding a +0 mace.
The orc hits you from afar with a +0 trident.
You shoot a sling bullet. The sling bullet hits the orc.
The orc is severely wounded.
The orc hits you from afar with a +0 trident!
The orc hits you from afar with a +0 trident.
You are too injured to fight recklessly!
You are too injured to fight recklessly!
You are too injured to fight recklessly!
You are too injured to fight recklessly!
You are too injured to fight recklessly!
You are now empty-handed.
q - a +0 short sword (weapon)
You closely miss the orc.
The orc is severely wounded.
The orc hits you with a +0 trident.
You hit the orc.
You kill the orc!
You hit the orc.
The orc is heavily wounded.
The orc misses you.
You closely miss the orc.
The orc is moderately wounded.
The orc barely misses you.
You closely miss the orc.
The orc is moderately wounded.
You hit the orc.
You kill the orc!
Things that are here:
a +0 mace; a +0 trident; a +0 leather armour You start resting.
HP restored.
a - a +1 sling (weapon)
Adjust to which letter? (? for menu, Esc to quit)
a - a +0 short sword;
q - a +1 sling (weapon)
Adjust to which letter? (? for menu, Esc to quit)
b - a +1 sling (weapon);
q - a scroll of poison You see here a +0 whip.
t - a ring of protection from cold
Things that are here:
a +0 short sword; 5 stones; a +0 leather armour A rat comes into view.
Found a dagger.
You shoot a sling bullet. The sling bullet hits the rat!
You kill the rat!
No target in view!
A frilled lizard comes into view.
You shoot a sling bullet.
The sling bullet misses the frilled lizard.
The frilled lizard hisses angrily.
You shoot a sling bullet.
The sling bullet hits the frilled lizard.
You kill the frilled lizard!
No target in view!
An orc comes into view. It is wielding a +0 club.
You shoot a sling bullet. The orc shouts!
The sling bullet hits the orc!
You kill the orc!
No target in view!
Things that are here:
a +0 club; an orc corpse
Found a stone staircase leading down.
An orc comes into view. It is wielding a +0 trident.
You shoot a sling bullet. The sling bullet hits the orc!
You kill the orc!
You hear a shout!
An orc comes into view. It is wielding a +0 hand axe.
You hear a shout!
Your Dodging skill increases to level 3!
You shoot a sling bullet. The sling bullet hits the orc.
The orc is severely wounded.
a - a +0 short sword (weapon)
You hit the orc.
You kill the orc!
You have reached level 4!
Things that are here:
a +0 hand axe; an orc corpse
b - a +1 sling (weapon)
A rat comes into view.
You shoot a sling bullet.
The sling bullet hits the rat but does no damage.
You hear a shout!
a - a +0 short sword (weapon)
The rat closely misses you.
You hit the rat.
You kill the rat!
The gnoll closely misses you.
You hit the gnoll but do no damage. The gnoll hits you with a +0 spear.
You closely miss the gnoll. You barely miss the gnoll.
The gnoll hits you with a +0 spear.
You hit the gnoll but do no damage. The gnoll hits you with a +0 spear!
You barely miss the gnoll. The gnoll completely misses you.
You hit the gnoll but do no damage. The gnoll hits you with a +0 spear.
You hit the gnoll but do no damage. Your punch misses the gnoll.
The gnoll hits you with a +0 spear!
* * * LOW HITPOINT WARNING * * *
The gnoll hits you from afar with a +0 spear.
* * * LOW HITPOINT WARNING * * *
There is a stone staircase leading down here.
The gnoll hits you from afar with a +0 spear!
You die...

Skill      XL: |  1  2  3 |
---------------+----------+-----
Fighting       | 1 |  1.6
Dodging        | 2 3 |  3.0
Stealth        | 1 |  1.4
Long Blades    | 1 |  1.2
Ranged Weapons | |  1.7
Spellcasting   | |  1.0
Hexes          | |  2.6

Action                     |  1- 3 |  4- 6 || total
---------------------------+-------+-------++-------
  Melee: Short sword       |     7 |     8 ||    15
   Fire: Sling             |   159 |     1 ||   160
 Armour: Robe              |    12 |       ||    12
  Dodge: Dodged            |    44 |     3 ||    47

Levels and vault maps discovered:
D:1:      grunt_arrival_lava_bath, layout_basic, minmay_misc_feat_tower
D:2:      layout_rooms, serial_shops, shop, kennysheep_boxes
D:3:      minmay_inner_zag, layout_rooms, minmay_cut_off

Notes
Turn   | Place    | Note
-------+----------+-------------------------------------------
     0 | D:1      | scionoferis the Demigod Hexslinger began the quest for the
                  | Orb.
     0 | D:1      | Reached XP level 1. HP: 15/15 MP: 4/4
    20 | D:1      | Reached skill level 1 in Fighting
    76 | D:1      | Reached skill level 2 in Dodging
   108 | D:1      | Reached XP level 2. HP: 23/23 MP: 5/5
   433 | D:1      | Reached skill level 1 in Stealth
   606 | D:2      | Found Jaeter's Distillery.
   615 | D:2      | Bought a potion of curing for 42 gold pieces
   713 | D:2      | Reached XP level 3. HP: 28/28 MP: 6/6
  1273 | D:2      | Bought a potion of heal wounds for 70 gold pieces
  1420 | D:3      | Reached skill level 1 in Long Blades
  1866 | D:3      | Reached skill level 3 in Dodging
  1881 | D:3      | Reached XP level 4. HP: 36/36 MP: 8/8
  1904 | D:3      | Slain by a gnoll

Vanquished Creatures
  A gnoll (D:3)
  3 worms (D:2)
  7 orcs (D:3)
  7 endoplasms (D:1 D:2 D:3)
  3 giant cockroaches (D:1 D:3)
  10 goblins (D:1 D:2 D:3)
  4 hobgoblins (D:1 D:2)
  A quokka (D:1)
  3 ball pythons (D:1 D:2)
  3 bats (D:2 D:3)
  A frilled lizard (D:3)
  4 kobolds (D:1 D:3)
  5 rats (D:1 D:2 D:3)
52 creatures vanquished.

Table legend: (Time is in decaauts)
 A = Elapsed time spent in this place.
 B = Non-inter-level travel time spent in this place.
 C = Inter-level travel time spent in this place.
 D = Time resting spent in this place.
 E = Time spent auto-exploring this place.
 F = Levels seen in this place.
 G = Mean time per level.
                   A        B        C        D        E       F      G
               +--------+--------+--------+--------+--------+-----+--------+
         Total |   1978 |   1829 |    149 |    173 |   1229 |   3 |  659.3 |
       Dungeon |   1978 |   1829 |    149 |    173 |   1229 |   3 |  659.3 |
               +--------+--------+--------+--------+--------+-----+--------+

Top non-repeatable levels by time:
     D:2: 696 daAuts
     D:3: 670 daAuts
     D:1: 611 daAuts

Table legend:
 A = Non-vault XP
 B = Vault XP
 C = Vault XP percentage of total XP
 D = Non-vault monster count
 E = Vault monster count
 F = Vault count percentage of total count
                 A         B        C        D         E       F
            +---------+---------+-------+---------+---------+-------
      Total |     112 |       5 |   4.3 |      49 |       3 |   5.8
            +---------+---------+-------+---------+---------+-------
        D:1 |      31 |       0 |   0.0 |      18 |       0 |   0.0
        D:2 |      32 |       0 |   0.0 |      13 |       0 |   0.0
        D:3 |      49 |       5 |   9.3 |      18 |       3 |  14.3
            +---------+---------+-------+---------+---------+-------
